 Dungeon Crawl Stone Soup version 0.26-a0-683-g5206c1d7ac (webtiles) character file.

Game seed: 8405686024422026500

16566 jasper the Slinger (level 12, 0/76 HPs)
             Began as a Kobold Fighter on Oct 22, 2020.
             Was a High Priest of Okawaru.
             Slain by a seven-headed hydra (12 damage)
             ... on level 1 of the Lair of Beasts.
             The game lasted 00:15:28 (15181 turns).

jasper the Slinger (Kobold Fighter)                Turns: 15181, Time: 00:15:29

Health: 0/76       AC: 15    Str: 17    XL:     12   Next: 71%
Magic:  15/15      EV: 14    Int: 11    God:    Okawaru [*****.]
Gold:   297        SH: 12    Dex: 22    Spells: 11/11 levels left

rFire    . . .     SeeInvis .   h - +12 fustibalus "Beastslayer" {venom, rPois}
rCold    . . .     Faith    .   b - +0 kite shield
rNeg     + . .     Spirit   .   a - +0 scale mail
rPois    +         Reflect  .   s - +2 helmet
rElec    .         Harm     .   R - +2 cloak of the Apprentice {rN+ Int+2 Dex+6}
rCorr    .         Rampage  .   p - +0 pair of gloves
MR       .....                  (no boots)
Stlth    +.........             U - amulet of the acrobat
HPRegen  0.22/turn              T - +4 ring of evasion
MPRegen  0.14/turn              V - ring of poison resistance

@: no status effects
A: small, nightstalker 3
a: Heroism, Finesse, Renounce Religion


You were on level 1 of the Lair of Beasts.
You worshipped Okawaru.
Okawaru was extremely pleased with you.
You visited 3 branches of the dungeon, and saw 14 of its levels.

You collected 733 gold pieces.
You spent 436 gold pieces at shops.

Inventory:

Hand Weapons
 h - the +12 fustibalus "Beastslayer" (weapon) {venom, rPois}
   (You found it on level 6 of the Dungeon)

   It poisons the ammo it fires.
   It protects you from poison.
 k - a +0 hunting sling
Missiles
 c - 52 poisoned darts
 l - 432 stones
 t - 2 throwing nets
 z - 24 boomerangs
 N - 4 datura-tipped darts
 Q - 45 sling bullets (quivered)
Armour
 a - a +0 scale mail (worn)
 b - a +0 kite shield (worn)
 o - a +1 hat of magic resistance
 p - a +0 pair of gloves (worn)
 q - a +0 buckler
 r - a +2 hat
 s - a +2 helmet (worn)
 R - the +2 cloak of the Apprentice (worn) {rN+ Int+2 Dex+6}
   (Okawaru gifted it to you on level 12 of the Dungeon)

   It affects your intelligence (+2).
   It affects your dexterity (+6).
   It protects you from negative energy.
Jewellery
 y - an uncursed ring of see invisible
 P - an uncursed ring of positive energy
 S - an uncursed ring of positive energy
 T - a +4 ring of evasion (left hand)
 U - an amulet of the acrobat (around neck)
 V - a ring of poison resistance (right hand)
Wands
 x - a wand of disintegration (28)
 B - a wand of polymorph (9)
 E - a wand of iceblast (10)
 H - a wand of random effects (24)
Scrolls
 d - 3 scrolls of teleportation
 e - 4 scrolls of fear
 f - 4 scrolls of remove curse
 i - 3 scrolls of magic mapping
 j - 3 scrolls of blinking
 m - a scroll of enchant armour
 u - a scroll of immolation
 v - 2 scrolls of fog
 F - a scroll of enchant weapon
 G - a scroll of amnesia {unknown}
 I - 2 scrolls of silence {unknown}
 K - 6 scrolls of identify
Potions
 g - 4 potions of curing
 n - 2 potions of might
 w - a potion of cancellation
 A - 2 potions of flight
 C - a potion of haste
 D - 2 potions of heal wounds
 J - a potion of brilliance
 L - a potion of berserk rage
 M - 2 potions of stabbing {unknown}
 O - a potion of ambrosia {unknown}


   Skills:
 + Level 9.5 Fighting
 * Level 10.0(10.1) Slings
 - Level 1.8(7.2) Throwing
 + Level 7.1 Armour
 - Level 0.5 Dodging
 + Level 7.3 Shields
 + Level 9.6 Unarmed Combat
 - Level 4.0 Invocations


You had 11 spell levels left.
You didn't know any spells.
Your spell library contained the following spells:

 Spells                   Type           Power        Failure   Level
 Corona                   Hex            #......      98%         1
 Ensorcelled Hibernation  Hex/Ice        #.....       99%         2
 Passwall                 Tmut/Erth      #.......     99%         2
 Swiftness                Air            #.......     99%         2
 Confusing Touch          Hex            #.......     100%        3
 Dazzling Flash           Conj/Hex       #.....       100%        3
 Tukima's Dance           Hex            #.......     100%        3
 Passage of Golubria      Tloc           N/A          100%        4
 Lee's Rapid Deconstruct  Erth           #.........   100%        5
 Invisibility             Hex            #.......     100%        6


Dungeon Overview and Level Annotations

Branches:
Dungeon (12/15)            Temple (1/1) D:5            Lair (1/6) D:11
    Orc (0/2) D:12

Altars:
Ashenzari
Cheibriados
Dithmenos
Elyvilon
Fedhas
Gozag
Hepliaklqana
Makhleb
Nemelex Xobeh
Okawaru
Sif Muna
Wu Jian
Xom
Yredelemnul
Zin

Shops:
D:5 (   D:10 *   D:11 **

Portals:
Abyss: D:7

Annotations:
D:7 3 transporters, om's ghost, novice DrIE
D:10 1 runed translucent door
D:12 exclusion: ice statue
Lair:1 exclusion: oklob plant


Innate Abilities, Weirdness & Mutations

You are small and have problems with some larger weapons.
You are completely attuned to the shadows.


Message History

The seven-headed hydra completely misses you.
The seven-headed hydra bites you. x2
You block the seven-headed hydra's attack.
The seven-headed hydra bites you!
The seven-headed hydra closely misses you.
You take 22 damage, and have 26/76 hp.
MASSIVE DAMAGE!!
Firing (i - inventory. (/) - cycle)
Q - 46 sling bullets (quivered)
Press: ? - help, Shift-Dir - straight line, f/p - seven-headed hydra
Aim: a seven-headed hydra (almost dead, extremely poisoned)
You shoot a sling bullet.
The sling bullet barely misses the seven-headed hydra.
You block the seven-headed hydra's attack.
The seven-headed hydra bites you but does no damage.
The seven-headed hydra bites you!
* * * LOW HITPOINT WARNING * * *
The seven-headed hydra bites you but does no damage. x2
The seven-headed hydra bites you.
* * * LOW HITPOINT WARNING * * *
The seven-headed hydra bites you!
You die...

.............
......#.. ......#.8
......... ....(....
......#.. ......(...
....^##.. .....(....
....#.... ...?D.....
......... ....@.....
......... ..........
.......#.
...............#.....
#.................#..
##P...........#...###
##P............>.#
#..#........#...#
#####......##.###
##....#....##


You could see a seven-headed hydra (extremely poisoned).

Vanquished Creatures
  A boulder beetle (D:11)
  3 unseen horrors
  3 ugly things (D:12)
  Pikel (D:7)
  A cyclops (D:12)
  A gargoyle (D:11)
  3 kobold demonologists
  2 komodo dragons (Lair:1)
  A tengu conjurer (D:12)
  3 trolls
  A hornet (D:7)
  A wraith (D:12)
  15 yaks
  A wyvern (D:11)
  A steam dragon (D:11)
  A water moccasin (D:11)
  A hornet zombie (D:10)
  5 orc warriors
  2 sky beasts
  3 black bears
  An eye of draining (D:12)
  A phantom (D:11)
  A necrophage (D:8)
  5 ogres
  5 centaurs
  2 lemures (D:7)
  3 big kobolds
  9 bullfrogs
  7 scorpions
  17 wights
  4 howler monkeys
  3 centaur zombies
  A bullfrog zombie (D:12)
  A crimson imp (D:7)
  2 quasits (D:10)
  2 bullfrog skeletons
  9 hounds
  4 jellies
  11 orc wizards
  7 orc priests
  2 centaur skeletons
  Ijyb (D:5)
  6 iguanas
  10 worker ants
  4 killer bee zombies
  A worker ant zombie (D:11)
  Robin (D:4)
  A howler monkey skeleton (D:5)
  11 adders
  A shadow imp (D:7)
  A white imp (D:5)
  2 ufetubi
  An adder skeleton (D:4)
  A worm (D:3)
  A dart slug (D:1)
  4 leopard geckos
  52 orcs
  4 ball pythons
  3 bats
  8 giant cockroaches
  15 goblins
  7 hobgoblins
  6 jackals
  2 quokkas
  5 frilled lizards
  12 kobolds
  2 quokka zombies (D:5)
  3 rats
312 creatures vanquished.

Vanquished Creatures (others)
  4 fungi (D:11)
  14 plants
18 creatures vanquished.

Grand Total: 330 creatures vanquished

Notes
Turn   | Place    | Note
-------+----------+-------------------------------------------
     0 | D:1      | jasper the Kobold Fighter began the quest for the Orb.
     0 | D:1      | Reached XP level 1. HP: 14/14 MP: 1/1
   256 | D:1      | Reached XP level 2. HP: 19/19 MP: 2/2
   791 | D:1      | Reached XP level 3. HP: 20/23 MP: 3/3
  1675 | D:2      | Reached XP level 4. HP: 12/28 MP: 4/4
  1857 | D:2      | Reached skill level 1 in Slings
  2747 | D:3      | Reached XP level 5. HP: 29/33 MP: 5/5
  3507 | D:4      | Noticed Robin
  3513 | D:3      | Reached skill level 1 in Throwing
  3706 | D:4      | Killed Robin
  3934 | D:4      | Reached XP level 6. HP: 28/38 MP: 6/6
  4420 | D:5      | Entered Level 5 of the Dungeon
  4782 | D:5      | Found a staircase to the Ecumenical Temple.
  4802 | D:5      | Reached XP level 7. HP: 36/44 MP: 7/7
  4812 | Temple   | Entered the Ecumenical Temple
  4907 | Temple   | Became a worshipper of Warmaster Okawaru
  5588 | D:5      | Found a blossoming altar of Fedhas.
  5730 | D:5      | Found Yveih's Antique Weapon Shop.
  6023 | D:5      | Noticed Ijyb
  6042 | D:5      | Killed Ijyb
  6042 | D:5      | Reached skill level 1 in Invocations
  6211 | D:6      | Got a scorched fustibalus
  6212 | D:6      | Identified the +12 fustibalus "Beastslayer" {venom, rPois}
                  | (You found it on level 6 of the Dungeon)
  6372 | D:6      | Reached skill level 5 in Unarmed Combat
  6436 | D:6      | Reached XP level 8. HP: 48/48 MP: 9/9
  6473 | D:6      | Reached skill level 5 in Fighting
  6724 | D:6      | Reached * piety under Okawaru
  7139 | D:6      | Reached skill level 2 in Slings
  7341 | D:7      | Noticed a hornet
  7346 | D:7      | Killed a hornet
  7346 | D:7      | Reached ** piety under Okawaru
  7346 | D:7      | Reached XP level 9. HP: 37/55 MP: 11/11
  7503 | D:7      | Found a shimmering blue altar of Sif Muna.
  7544 | D:7      | Found a transporter.
  7558 | D:7      | Noticed a white ugly thing
  7606 | D:7      | Found a burning altar of Makhleb.
  7653 | D:7      | Found a transporter.
  7702 | D:7      | Noticed an ancient zyme
  7842 | D:7      | Reached skill level 3 in Slings
  7849 | D:7      | Noticed Pikel
  7999 | D:7      | Killed Pikel
  7999 | D:7      | Reached skill level 4 in Slings
  8351 | D:7      | Reached *** piety under Okawaru
  8538 | D:7      | Identified the +6 trident "Xeugroes" {distort, Int+3}
  8548 | D:7      | Found a transporter.
  8559 | D:7      | Found a one-way gate to the infinite horrors of the Abyss.
  8559 | D:7      | Noticed om's ghost (novice DrIE)
  8663 | D:8      | Reached skill level 5 in Shields
  8663 | D:8      | Reached XP level 10. HP: 49/61 MP: 13/13
  8732 | D:8      | Found an iron altar of Okawaru.
  8807 | D:8      | Reached skill level 5 in Slings
  8827 | D:8      | Reached skill level 5 in Armour
  9161 | D:8      | Found a shadowy altar of Dithmenos.
  9466 | D:9      | Reached **** piety under Okawaru
 10236 | D:10     | Entered Level 10 of the Dungeon
 10281 | D:10     | Received a gift from Okawaru
 10281 | D:10     | Reached skill level 6 in Slings
 10891 | D:10     | Reached XP level 11. HP: 67/67 MP: 14/14
 10905 | D:10     | Reached skill level 7 in Slings
 10916 | D:10     | Reached ***** piety under Okawaru
 11462 | D:10     | Found a runed translucent door.
 11503 | D:10     | Found a basalt altar of Yredelemnul.
 11602 | D:10     | Found Reshacak's General Store.
 11607 | D:10     | Bought an uncursed ring of positive energy for 280 gold
                  | pieces
 11607 | D:10     | Bought a potion of curing for 42 gold pieces
 11607 | D:10     | Bought a potion of curing for 42 gold pieces
 11607 | D:10     | Bought a scroll of identify for 28 gold pieces
 12207 | D:11     | Found Kanips's Serpentskin Sales.
 12337 | D:11     | Received a gift from Okawaru
 12350 | D:11     | Noticed an unseen horror
 12355 | D:11     | Killed an unseen horror
 12355 | D:11     | Reached skill level 8 in Slings
 12561 | D:11     | Noticed a boulder beetle
 12567 | D:11     | Killed a boulder beetle
 12738 | D:11     | Noticed an unseen horror
 12745 | D:11     | Killed an unseen horror
 13038 | D:11     | Found a staircase to the Lair.
 13042 | D:11     | Reached XP level 12. HP: 74/75 MP: 15/15
 13122 | D:11     | Found Mionnot's Assorted Antiques.
 13127 | D:11     | Bought a scroll of identify for 44 gold pieces
 13350 | D:12     | Noticed an unseen horror
 13360 | D:12     | Killed an unseen horror
 13440 | D:12     | Reached skill level 9 in Slings
 13808 | D:12     | Received a gift from Okawaru
 13814 | D:12     | Got a crude cloak {god gift}
 13823 | D:12     | Identified the +2 cloak of the Apprentice {rN+ Int+2 Dex+6}
                  | (Okawaru gifted it to you on level 12 of the Dungeon)
 14914 | D:12     | Found a staircase to the Orcish Mines.
 14978 | Lair:1   | Entered Level 1 of the Lair of Beasts
 15062 | Lair:1   | Reached skill level 10 in Slings
 15175 | Lair:1   | Noticed a seven-headed hydra
 15181 | Lair:1   | Slain by a seven-headed hydra

Illustrated notes

Levels and vault maps discovered:
D:1:      minmay_arrival_pointy, layout_rooms
D:2:      layout_basic
D:3:      layout_basic
D:4:      cheibrodos_old_hovel, layout_rooms, roderic_lattice_a, uniq_robin
D:5:      layout_loops_corners, kennysheep_mini_moat, minmay_temple_entry_glass,
          serial_shops, shop_statue, uniq_ijyb
D:6:      layout_rooms, lemuel_flamethrower_1
D:7:      gammafunk_the_bubble [the_bubble_gammafunk_plus_minus], layout_basic,
          makhleb_grotto_becter, lemuel_blue_sif_altar,
          gammafunk_ghost_abyssal_escape, uniq_pikel
D:8:      layout_rooms, kennysheep_little_box, basic_altar
D:9:      layout_basic, nicolae_straight_to_the_point
D:10:     layout_loops_corners, serial_shops, nicolae_shop_trees,
          dk_yredelemnul_ordeal
D:11:     layout_basic, grunt_lair_entry_orc_guard_hut, serial_shops,
          nicolae_shop_overgrown_old_shop, guppyfry_shop_venom
D:12:     layout_small_grid, hiddenorc1_lemuel, minivault_16,
          minmay_misc_feat_iff
Temple:   compressed_dpeg_circular_temple
Lair:1:   layout_hall_layers, wad_woods_river_03, dpeg_stationary_puzzle,
          grunt_megastairs_4, uniq_gastronok

Skill      XL: |  1  2  3  4  5  6  7  8  9 10 11 12 |
---------------+-------------------------------------+-----
Slings         | 1 2 4 6 8 10 | 10.0
Unarmed Combat | 3 4 5 6 7 8 9 |  9.6
Shields        | 3 4 5 6 7 |  7.3
Throwing       | 1 |  1.8
Fighting       | 4 5 6 7 8 9 |  9.5
Armour         | 3 4 5 6 7 |  7.1
Invocations    | 1 3 4 |  4.0
Dodging        | |  0.5

Action                   |  1- 3 |  4- 6 |  7- 9 | 10-12 || total
-------------------------+-------+-------+-------+-------++-------
Melee: Unarmed           |   108 |   246 |   104 |       ||   458
 Fire: Hunting sling     |    23 |       |       |       ||    23
       Fustibalus        |       |       |   162 |   484 ||   646
Throw: Stone             |       |    16 |       |       ||    16
       Boomerang         |       |       |    19 |       ||    19
Evoke: Wand              |       |     1 |     2 |       ||     3
  Use: Potion            |     2 |     4 |     3 |       ||     9
       Scroll            |       |       |     9 |     6 ||    15
 Stab: Sleeping          |       |     1 |       |       ||     1
       Invisible         |       |       |     3 |       ||     3
Armor: Scale mail        |    38 |    89 |    83 |    82 ||   292
Dodge: Dodged            |    33 |    45 |    69 |    72 ||   219
Block: Kite shield       |    46 |    98 |    89 |   117 ||   350

Table legend: (Time is in decaauts)
 A = Elapsed time spent in this place.
 B = Non-inter-level travel time spent in this place.
 C = Inter-level travel time spent in this place.
 D = Time resting spent in this place.
 E = Time spent auto-exploring this place.
 F = Levels seen in this place.
 G = Mean time per level.
                   A        B        C        D        E       F      G
               +--------+--------+--------+--------+--------+-----+--------+
         Total |  15303 |  14745 |    558 |   1008 |  11543 |  14 | 1093.1 |
       Dungeon |  14993 |  14449 |    544 |   1008 |  11317 |  12 | 1249.4 |
        Temple |    109 |     96 |     13 |      0 |     76 |   1 |  109.0 |
          Lair |    200 |    200 |      0 |      0 |    150 |   1 |  200.0 |
               +--------+--------+--------+--------+--------+-----+--------+

Top non-repeatable levels by time:
    D:10: 1829 daAuts
     D:5: 1651 daAuts
    D:12: 1596 daAuts
     D:3: 1512 daAuts
    D:11: 1341 daAuts
     D:6: 1292 daAuts
     D:7: 1230 daAuts
     D:2: 1038 daAuts
     D:1: 1001 daAuts
     D:9: 901 daAuts
     D:4: 885 daAuts
     D:8: 712 daAuts
  Lair:1: 200 daAuts
  Temple: 109 daAuts
